 Dungeon Crawl Stone Soup version 0.30-b1-2-g02819fbbbe (webtiles) character file.

Game seed: 16568682557461955496

161301 Mesmaeker13 the Destroyer (level 16, -7/108 HPs)
             Began as a Demigod Fire Elementalist on July 3, 2023.
             Mangled by a naga
             ... wielding a +0 lajatang
              (16 damage)
             ... on level 1 of the Snake Pit.
             The game lasted 01:16:21 (38157 turns).

Mesmaeker13 the Destroyer (DgFE)                   Turns: 38157, Time: 01:16:22

Health: -7/108     AC: 15    Str: 21    XL:     16   Next: 64%
Magic:  24/45      EV: 10    Int: 31    God:
Gold:   1397       SH:  9    Dex: 13    Spells: 14/37 levels left

rFire   + . .        G - +8 quarterstaff of Subjectivity {pain, rElec MP+9}
rCold   + . .        (shield currently unavailable)
rNeg    . . .        U - +0 acid dragon scales
rPois   .            e - +1 helmet {Int+3}
rElec   +            i - scarf {rC+ rF+}
rCorr   +            o - +1 pair of gloves
SInv    .            I - +0 pair of boots
Will    ++...        y - amulet of reflection
Stlth   +            q - ring of poison resistance
HPRegen 0.38/turn    A - ring of willpower
MPRegen 0.29/turn

%: reflection
@: lethally poisoned (-7 -> -12), poison vulnerable, constricted
A: high MP 1, forlorn, divine attributes, iridescent scales 1, large bone plates
1, strong 1
a: no special abilities


You were on level 1 of the Snake Pit.
You visited 4 branches of the dungeon, and saw 23 of its levels.
You also visited: Sewer.

You collected 2020 gold pieces.
You spent 623 gold pieces at shops.

Inventory:

Hand Weapons
 G - the +8 quarterstaff of Subjectivity (weapon) {pain, rElec MP+9}
   (You found it on level 14 of the Dungeon)

   rElec:     It insulates you from electricity.
   MP:        It affects your magic capacity (+9).
Missiles
 u - 4 throwing nets (quivered)
Armour
 e - a +1 helmet of intelligence (worn)
 i - a scarf of resistance (worn)
 k - a +2 kite shield of poison resistance
 o - a +1 pair of gloves (worn)
 t - a +1 scale mail of fire resistance
 I - a +0 pair of boots (worn)
 Q - a +0 buckler
 U - +0 acid dragon scales (worn)
Magical Staves
 a - a staff of conjuration
Jewellery
 c - a ring of wizardry
 m - an amulet of the acrobat
 n - a ring of protection from cold
 q - a ring of poison resistance (left hand)
 y - an amulet of reflection (around neck)
 A - a ring of willpower (right hand)
 F - a ring of fire
Scrolls
 f - 2 scrolls of fear
 g - 3 scrolls of poison
 j - 5 scrolls of fog
 r - 5 scrolls of amnesia
 v - 6 scrolls of identify
 w - a scroll of teleportation
 x - a scroll of brand weapon
 B - a scroll of blinking
 E - 2 scrolls of enchant armour
Potions
 b - 3 potions of magic
 d - 3 potions of heal wounds
 h - 6 potions of flight
 l - 5 potions of lignification
 p - a potion of brilliance
 s - 3 potions of curing
 C - 3 potions of resistance
 L - 8 potions of might
 P - a potion of ambrosia


   Skills:
 + Level 1.6 Fighting
 - Level 6.2 Armour
 + Level 5.9 Dodging
 - Level 1.7 Stealth
 - Level 9.4 Shields
 - Level 11.3 Spellcasting
 + Level 13.8 Conjurations
 - Level 6.3 Hexes
 + Level 4.5 Summonings
 - Level 13.3 Fire Magic
 - Level 5.0 Air Magic
 + Level 4.5 Earth Magic
 - Level 5.0 Poison Magic


You had 14 spell levels left.
You knew the following spells:

 Your Spells              Type           Power      Damage    Failure   Level
a - Foxfire               Conj/Fire      100%       2x1d9     0%          1
b - Scorch                Fire           100%       2d9       1%          2
c - Flame Wave            Conj/Fire      80%        2d17      1%          4
d - Mephitic Cloud        Conj/Pois/Air  61%        N/A       1%          3
e - Inner Flame           Hex/Fire       68%        N/A       1%          3
f - Animate Armour        Summ/Erth      90%        N/A       5%          4
g - Iron Shot             Conj/Erth      33%        9d7       12%         6

Your spell library contained the following spells:

 Spells                   Type           Power      Damage    Failure   Level
 Magic Dart               Conj           100%       1d8       0%          1
 Call Imp                 Summ           90%        N/A       1%          2
 Dazzling Flash           Conj/Hex       100%       N/A       1%          3
 Hailstorm                Conj/Ice       57%        3d12      1%          3
 Tukima's Dance           Hex            55%        N/A       1%          3
 Volatile Blastmotes      Fire/Tloc      100%       2d18      1%          3
 Portal Projectile        Hex/Tloc       74%        N/A       2%          3
 Freeze                   Ice            68%        1d8       3%          1
 Necrotise                Necr           68%        1d7       3%          1
 Summon Lightning Spire   Summ/Air       47%        N/A       4%          4
 Silence                  Hex/Air        26%        N/A       10%         5
 Frozen Ramparts          Ice            34%        1d6       11%         3
 Ozocubu's Armour         Ice            17%        N/A       11%         3
 Vampiric Draining        Necr           17%        2d7       11%         3
 Summon Mana Viper        Hex/Summ       51%        N/A       11%         5
 Petrify                  Tmut/Erth      31%        N/A       14%         4
 Metabolic Englaciation   Hex/Ice        18%        N/A       26%         5
 Summon Forest            Summ/Tloc      15%        N/A       36%         5
 Summon Cactus Giant      Summ           22%        N/A       63%         6
 Agony                    Necr           17%        N/A       67%         5
 Blade Hands              Tmut           8%         N/A       67%         5
 Statue Form              Tmut/Erth      20%        N/A       91%         6
 Ozocubu's Refrigeration  Ice            8%         4d9       100%        7
 Storm Form               Tmut/Air       16%        N/A       100%        7
 Maxwell's Capacitive Co  Air            24%        ∞         100%        8


Dungeon Overview and Level Annotations

Branches:
Dungeon (14/15)            Temple (0/1) D:6            Lair (5/5) D:9
 Shoals (0/4) Lair:3        Snake (2/4) Lair:2        Slime (0/5) Lair:4
    Orc (2/2) D:10            Elf (0/3) Orc:2        Vaults (0/5) D:13
  Sewer (visited)

Shops:
D:4 *   D:5 [   D:14 *   Orc:2 *[!([**

Annotations:
D:5 1 exclusion
D:14 exclusion: statue, Azrael
Snake:2 Vashnia


Innate Abilities, Weirdness & Mutations

You have an increased reservoir of magic. (+10% MP)
You shall have no god before yourself.
Your divine heritage dramatically boosts your attributes as you level up.
You are partially covered in iridescent scales. (AC +2)
You are partially covered in large bone plates. (SH +4)
Your muscles are strong. (Str +4, Int/Dex -1)


Message History

The naga is no longer more vulnerable to fire.
The naga mage points at you and mumbles some strange words.
The bolt of poison hits you!!
You are poisoned.
The naga barely misses you. You block the naga's attack.
There is a stone staircase leading up here.
You feel very sick. The naga mage casts a spell at you.
The bolt of poison hits you!
You are more poisoned.
* * * LOW HITPOINT WARNING * * *
The naga hits you with a +0 lajatang!
* * * LOW HITPOINT WARNING * * *
The naga grabs you.
You stop ascending the stairs.
The naga constricts you.
You escape the naga's grasp.
* * * LOW HITPOINT WARNING * * *
You feel very sick.
You climb upwards.
* * * LOW HITPOINT WARNING * * *
You feel very sick.
There is a stone staircase leading down here.
You feel better. The naga closely misses you. The naga grabs you.
The naga constricts you.
* * * LOW HITPOINT WARNING * * *
You feel better. You block the naga's attack. The naga constricts you.
* * * LOW HITPOINT WARNING * * *
You sock the naga!
The naga is heavily wounded.
The naga closely misses you. The naga constricts you.
* * * LOW HITPOINT WARNING * * *
You sock the naga!
The naga is severely wounded.
The naga spits poison at you. The splash of poison hits you.
You are poisoned.
* * * LOW HITPOINT WARNING * * *
The naga constricts you.
* * * LOW HITPOINT WARNING * * *
The naga hits you with a +0 lajatang!
You die...

..#..###......####.#.......## #
...##.#..###......##.##.(..# #
....##...###..####.#####...###
## ..##......#...# #..##
#.....###. .####..##...###
##..###......... ## #..##...###
##.......###..# # #..##.....###
##.###..## ##.#
#####).##.......###.## #..#
##.. ........#..##..N@...#
##.####..#
####......###.......# #......##
# #..##...##.......# #.....## #
#.###...........[## ##.....###
#
##.###.#.......##..###........#
#..##..##......####........###.
###..##.....##...# #..#.....#
## ..##.....######..#
#.###...## .####...## #..# #.#
##..##


You could see a naga (catching breath).

Vanquished Creatures
  Gastronok (D:8)
  A nagaraja (Snake:2)
  Louise (Snake:2)
  An orc warlord (Orc:2)
  Nessos (Lair:3)
  An ettin (Orc:2)
  Fannar (Lair:1)
  6 hydras
  Harold (Orc:1)
  4 anacondas (Snake:1)
  3 ogre magi (Orc:2)
  3 boulder beetles
  2 centaur warriors (D:13)
  A catoblepas (D:13)
  10 death yaks (Lair:4)
  4 naga warriors (Snake:1)
  15 two-headed ogres
  An orc high priest (Orc:2)
  4 naga sharpshooters
  3 shock serpents
  2 skysharks
  Nergalle (Lair:2)
  4 skeletal warriors (D:12)
  A goliath frog (Lair:5)
  5 naga ritualists
  An orc knight (Orc:1)
  Pikel (D:5)
  10 mana vipers (Snake:1)
  3 deep elf pyromancers
  An ugly thing (D:13)
  A harpy (shapeshifter) (D:13)
  A necromancer (D:11)
  An oklob plant (Lair:2)
  3 orc sorcerers (Orc:2)
  5 cyclopes
  2 manticores
  19 elephants
  2 salamanders (Snake:1)
  18 black mambas
  5 naga magi
  A guardian serpent (shapeshifter) (D:13)
  23 cane toads
  Joseph (D:8)
  A kobold demonologist (D:14)
  An unseen horror (D:13)
  10 komodo dragons
  6 rime drakes
  A polar bear (Lair:5)
  2 yaktaurs (D:13)
  A meliai (D:13)
  A queen bee (D:9)
  5 trolls
  Prince Ribbit (D:5)
  3 tyrant leeches (Lair:5)
  16 blink frogs
  13 dream sheep (Lair:5)
  Sigmund (D:5)
  4 slime creatures (D:13)
  4 wraiths
  4 wyverns
  55 yaks
  A vampire (D:13)
  A human (shapeshifter) (D:13)
  15 vampire mosquitoes
  8 basilisks
  A steam dragon (D:6)
  Grum (D:8)
  3 wargs
  Menkaure (D:5)
  22 water moccasins
  7 nagas (Snake:1)
  A nameless horror (D:13)
  4 acid dragons
  A sky beast (D:6)
  11 orc warriors
  2 ice beasts (D:6)
  34 ogres
  21 wolves
  3 black bears
  A centaur (D:10)
  3 boggarts (D:12)
  4 lemures
  6 kobold brigands
  Blork the orc (D:4)
  11 bullfrogs
  2 scorpions
  A gnoll sergeant (D:8)
  7 wights
  24 killer bees
  10 electric eels
  A howler monkey (D:10)
  4 jellies
  10 hounds
  19 orc priests
  3 iguanas
  Natasha (thrice) (D:3)
  3 polar bear simulacra (D:11)
  23 orc wizards
  2 yak simulacra (D:11)
  3 wolf simulacra (D:11)
  12 gnolls
  10 adders
  2 shadow imps
  3 ufetubi
  3 worms
  4 dart slugs
  88 orcs
  2 bats
  11 endoplasms
  5 giant cockroaches
  5 hobgoblins
  12 jackals
  19 kobolds
  3 quokkas
  5 ball pythons
  A frilled lizard (D:3)
  10 goblins
  14 rats
  3 river rat simulacra (D:11)
  A bush (Lair:3)
795 creatures vanquished.

Vanquished Creatures (collateral kills)
  An ogre mage (Orc:2)
  3 two-headed ogres (Orc:2)
  A merfolk (Lair:3)
  A naga (Snake:1)
  3 ogres (Orc:2)
  10 foxfires
19 creatures vanquished.

Vanquished Creatures (others)
  A centaur (D:8)
  A kobold (D:8)
  1644 foxfires
  57 fungi
  243 plants
1946 creatures vanquished.

Grand Total: 2760 creatures vanquished

Notes
Turn   | Place    | Note
-------+----------+-------------------------------------------
     0 | D:1      | Mesmaeker13 the Demigod Fire Elementalist began the quest
                  | for the Orb.
     0 | D:1      | Reached XP level 1. HP: 14/14 MP: 5/5
    78 | D:1      | Reached skill level 1 in Conjurations
   120 | D:1      | Reached XP level 2. HP: 20/20 MP: 4/7
  1135 | D:2      | HP: 1/20 [endoplasm (2)]
  1137 | D:2      | Reached XP level 3. HP: 2/26 MP: 3/9
  1330 | D:1      | Learned a level 2 spell: Scorch
  2048 | D:2      | Reached XP level 4. HP: 28/33 MP: 6/10
  2251 | D:3      | Noticed Natasha
  2333 | D:3      | Killed Natasha
  2463 | D:3      | Noticed Natasha
  2742 | D:3      | Killed Natasha
  2807 | D:3      | Noticed Natasha
  2813 | D:3      | Killed Natasha
  2814 | D:3      | Reached XP level 5. HP: 38/38 MP: 7/12
  2997 | D:3      | Reached skill level 1 in Armour
  3576 | D:3      | Learned a level 4 spell: Flame Wave
  3694 | D:4      | Found a glowing drain.
  3833 | Sewer    | Entered a sewer
  3928 | Sewer    | Reached XP level 6. HP: 45/45 MP: 5/14
  4534 | D:4      | Noticed Blork the orc
  4676 | D:4      | Killed Blork the orc
  4932 | D:4      | Found Zuoso's Assorted Antiques.
  5345 | D:5      | Entered Level 5 of the Dungeon
  5352 | D:5      | Reached XP level 7. HP: 50/50 MP: 9/16
  5420 | D:5      | Noticed Menkaure
  5523 | D:5      | Killed Menkaure
  5629 | D:5      | Noticed Sigmund
  5724 | D:5      | Reached skill level 5 in Fire Magic
  5726 | D:5      | Noticed Pikel
  5804 | D:5      | Noticed Prince Ribbit
  5813 | D:5      | Killed Prince Ribbit
  6123 | D:6      | Reached XP level 8. HP: 41/57 MP: 12/18
  6539 | D:6      | Found a staircase to the Ecumenical Temple.
  6550 | D:6      | Reached skill level 5 in Conjurations
  6577 | D:6      | Reached skill level 5 in Spellcasting
  7884 | D:7      | Noticed a green death
  7985 | D:7      | Reached skill level 5 in Armour
  8080 | D:7      | Reached XP level 9. HP: 62/62 MP: 16/21
  8125 | D:7      | Identified the +3 robe of Vanity {Int+2}
  8780 | D:8      | Noticed Gastronok
  8890 | D:5      | Killed Sigmund
  9152 | D:5      | Killed Pikel
  9427 | D:5      | Found Omuajos's Armour Shop.
 10245 | D:8      | Noticed Joseph
 10266 | D:8      | Killed Joseph
 10321 | D:8      | Noticed Grum
 10573 | D:8      | Learned a level 3 spell: Mephitic Cloud
 10799 | D:8      | Reached skill level 1 in Air Magic
 10799 | D:8      | Reached skill level 1 in Poison Magic
 10802 | D:8      | Reached XP level 10. HP: 69/69 MP: 9/23
 11014 | D:8      | Killed Grum
 11307 | D:8      | Identified the +1 robe "Okeu" {rC+ Archmagi}
 12151 | D:9      | Noticed a deep elf pyromancer
 12650 | D:9      | Found a staircase to the Lair.
 12712 | D:9      | Killed a deep elf pyromancer
 12984 | D:9      | Reached XP level 11. HP: 74/74 MP: 18/24
 13669 | D:10     | Entered Level 10 of the Dungeon
 13768 | D:10     | Noticed a two-headed ogre
 13778 | D:10     | Killed a two-headed ogre
 14048 | D:10     | Found a staircase to the Orcish Mines.
 14342 | D:10     | Reached skill level 5 in Air Magic
 14391 | D:10     | Reached skill level 5 in Poison Magic
 14581 | D:10     | Noticed a deep elf pyromancer
 14600 | D:10     | Killed a deep elf pyromancer
 14601 | D:10     | Reached skill level 1 in Shields
 14699 | D:10     | Noticed a two-headed ogre
 14709 | D:10     | Killed a two-headed ogre
 15096 | Lair:1   | Entered Level 1 of the Lair of Beasts
 15431 | Lair:1   | Noticed Fannar
 15437 | Lair:1   | Killed Fannar
 16624 | Lair:2   | Reached skill level 10 in Fire Magic
 16624 | Lair:2   | Reached XP level 12. HP: 77/81 MP: 16/27
 16686 | Lair:2   | Noticed a boulder beetle
 16758 | Lair:3   | Noticed Nessos
 16771 | Lair:3   | Killed Nessos
 16985 | Lair:3   | You fall into a shaft and drop 2 floors!
 16985 | Lair:5   | Entered Level 5 of the Lair of Beasts
 17021 | Lair:4   | Reached skill level 10 in Conjurations
 17223 | Lair:4   | Reached skill level 5 in Shields
 17229 | Lair:4   | Noticed a boulder beetle
 17550 | Lair:4   | Killed a boulder beetle
 18308 | Lair:3   | Found a staircase to the Shoals.
 19096 | Lair:2   | Noticed Nergalle
 19107 | Lair:2   | Killed Nergalle
 19222 | Lair:2   | Killed a boulder beetle
 19835 | Lair:2   | Found a staircase to the Snake Pit.
 19850 | Lair:2   | Reached XP level 13. HP: 86/86 MP: 23/30
 20727 | Lair:4   | Learned a level 3 spell: Inner Flame
 20781 | Lair:4   | Reached skill level 1 in Hexes
 21694 | Lair:4   | Found a staircase to the Slime Pits.
 23203 | Lair:5   | Reached XP level 14. HP: 83/93 MP: 19/32
 23598 | Lair:5   | Reached skill level 10 in Spellcasting
 24120 | Lair:5   | Identified the +7 spear of Rubbish {antimagic, rC+ rN+}
 24123 | Lair:5   | Identified the +1 ring mail of the Trout {rN+ Int+3 Stlth+}
 25202 | Orc:1    | Entered Level 1 of the Orcish Mines
 25202 | Orc:1    | Noticed Harold
 25213 | Orc:1    | Killed Harold
 25349 | Orc:1    | Reached skill level 5 in Hexes
 25613 | Orc:1    | You fall into a shaft and drop 1 floor!
 25613 | Orc:2    | Entered Level 2 of the Orcish Mines
 26087 | Orc:2    | Identified a scroll of acquirement
 26087 | Orc:2    | Acquired a staff of conjuration
 26250 | Orc:2    | Found Hiupox's Armour Shop.
 26250 | Orc:2    | Found Zetudenk's Distillery.
 26261 | Orc:2    | Reached XP level 15. HP: 57/99 MP: 24/34
 26262 | Orc:2    | Gained mutation: You are partially covered in iridescent
                  | scales. (AC +2) [potion of mutation]
 26262 | Orc:2    | Gained mutation: Your muscles are strong. (Str +4, Int/Dex
                  | -1) [potion of mutation]
 26262 | Orc:2    | Gained mutation: You are partially covered in large bone
                  | plates. (SH +4) [potion of mutation]
 27264 | Orc:2    | Found Warghenk's Armour Boutique.
 27264 | Orc:2    | Found Gerusaso's Weapon Shoppe.
 27338 | Orc:2    | Found Kyghyotef's Specific Store.
 27340 | Orc:2    | Found Ocvis's General Store.
 27394 | Orc:2    | Found a staircase to the Elven Halls.
 27416 | Orc:2    | Found Utiwi's General Store.
 28688 | Orc:2    | Bought a +1 helmet of intelligence for 165 gold pieces
 28703 | Orc:2    | Bought a potion of heal wounds for 60 gold pieces
 28703 | Orc:2    | Bought a potion of heal wounds for 60 gold pieces
 28813 | D:8      | Killed Gastronok
 28906 | D:4      | Bought a pitted short sword for 208 gold pieces
 28906 | D:4      | Identified the +6 short sword of the Reaper {speed, rC- rN+
                  | Will+} (You bought it in a shop on level 4 of the Dungeon)
 28906 | D:4      | Bought a shiny granite ring for 130 gold pieces
 30689 | D:12     | Reached XP level 16. HP: 88/105 MP: 22/36
 31115 | D:12     | Learned a level 4 spell: Animate Armour
 31464 | D:13     | Reached skill level 1 in Summonings
 31464 | D:13     | Reached skill level 1 in Earth Magic
 31804 | D:13     | Found a gate to the Vaults.
 32240 | D:13     | Identified the +1 scale mail "Rumaoqugh" {Dex+3}
 32790 | D:14     | Found Saist's General Store.
 32798 | D:14     | Identified the +8 quarterstaff of Subjectivity {pain, rElec
                  | MP+9}
 33151 | D:14     | Noticed Azrael
 33346 | Snake:1  | Entered Level 1 of the Snake Pit
 34907 | Snake:1  | Reached skill level 5 in Dodging
 36479 | Lair:2   | Learned a level 6 spell: Iron Shot
 37838 | Snake:2  | Noticed Louise
 37879 | Snake:2  | Reached skill level 1 in Fighting
 37879 | Snake:2  | Killed Louise
 38103 | Snake:2  | Noticed Vashnia
 38157 | Snake:1  | Mangled by a naga

Illustrated notes

Levels and vault maps discovered:
D:1:      dpeg_arrival_oval, layout_basic
D:2:      minmay_spotlight, layout_rooms
D:3:      layout_loops_ring, shapermc_ecumenical_altar_petra,
          chequers_serial_rivers_small_3, uniq_natasha
D:4:      layout_loops_ring, chequers_temple_overflow_statue_of_worship,
          gup_sewer_entry_glass, serial_shops, nicolae_shop_just_a_little_nook,
          feat_on_display, uniq_blork_the_orc
D:5:      layout_basic, serial_shops, shop, uniq_pikel, uniq_prince_ribbit1,
          uniq_sigmund, uniq_menkaure
D:6:      layout_basic, minitemple, minmay_temple_entry_grid,
          nrook_mini_backslash, minmay_starry_boxes
D:7:      layout_gridville, nzn_wu_jian_contemplation,
          mainiacjoe_overflow_cross_hatched, makhleb_altar_promises_db,
          nicolae_tso_swordbearing_angel
D:8:      layout_basic, nicolae_ru_sacrificial_ziggurat, uniq_gastronok,
          uniq_grum, uniq_joseph
D:9:      layout_cave_pools, david_lair_generic, special_room
          [special_room_bee], minmay_fractal_squares_5
D:10:     layout_irregular_city, pdpol_temple_overflow_zin_treasury_gozag_greed,
          hiddenorc1_lemuel, serial_bayou, serial_bayou_pond_a,
          serial_bayou_lake_a, serial_bayou_pond_a, serial_bayou_pond_d
D:11:     layout_gridville, eino_house_with_fridge
D:12:     layout_rooms
D:13:     minmay_dotted_concentric_squares, layout_basic
D:14:     layout_roguey, fedhas_altar_1, serial_shops,
          nicolae_shop_behind_doors, vehumet_statue, uniq_agnes, uniq_azrael,
          uniq_kirke
Lair:1:   layout_chaotic_city, grunt_megastairs_4, uniq_fannar
Lair:2:   layout_small_grid, minmay_snake_entry_six_corridors,
          grunt_megastairs_2, uniq_nergalle
Lair:3:   layout_loops_ring, elwin_shoals_entry_rooms, serial_bayou_shore_b,
          infiniplex_staircase_pool_2, uniq_nessos
Lair:4:   layout_hall_layers, nicolae_slime_entry_slimehenge
Lair:5:   minmay_lair_end_frog_pond, layout_cellular_growth, lemuel_fruit_tree
Snake:1:  cheibrodos_snake_ritualist_ritual, layout_layer_cave, drop_trap,
          nicolae_snake_snakes_in_the_grass
Snake:2:  layout_chambers, uniq_vashnia, uniq_aizul, uniq_louise
Orc:1:    layout_diamond_mine, serial_shops, nicolae_shop_tiny_glass,
          uniq_harold
Orc:2:    st_orc_ogre_mass, layout_caves, basic_altar, serial_shops,
          nicolae_square_shop, nicolae_specific_store, minmay_orc_temple_c

Skill      XL: |  1  2  3  4  5  6  7  8  9 10 11 12 13 14 15 16 |
---------------+-------------------------------------------------+-----
Spellcasting   | 2 3 4 5 6 7 8 9 10 11 | 11.3
Conjurations   | 1 2 3 4 5 6 8 9 10 11 12 13 | 13.8
Fire Magic     | 3 4 5 6 7 8 10 11 12 13 | 13.3
Armour         | 1 2 3 5 6 |  6.2
Air Magic      | 1 4 5 |  5.0
Poison Magic   | 1 4 5 |  5.0
Shields        | 3 6 8 9 |  9.4
Hexes          | 4 6 |  6.3
Dodging        | 3 5 |  5.9
Summonings     | 4 |  4.5
Earth Magic    | 4 |  4.5
Fighting       | 1 |  1.6
Stealth        | |  1.7

Action                     |  1- 3 |  4- 6 |  7- 9 | 10-12 | 13-15 | 16-18 || total
---------------------------+-------+-------+-------+-------+-------+-------++-------
  Melee: Spear             |     5 |       |     4 |     4 |     2 |       ||    15
         Dagger            |       |     5 |     2 |       |     3 |       ||    10
         Trident           |       |       |       |       |    13 |       ||    13
         Staff             |       |       |       |       |     6 |     9 ||    15
         Quarterstaff      |       |       |       |       |       |    31 ||    31
  Throw: Dart              |       |     3 |     4 |     1 |       |       ||     8
         Throwing net      |       |       |       |       |     2 |     5 ||     7
   Cast: Foxfire           |    88 |   114 |   195 |   256 |   253 |    45 ||   951
         Scorch            |     1 |    29 |    66 |   140 |   200 |   108 ||   544
         Flame Wave        |       |       |     3 |    49 |   105 |    65 ||   222
         Mephitic Cloud    |       |       |       |     1 |     2 |     1 ||     4
         Inner Flame       |       |       |       |       |     4 |     3 ||     7
         Iron Shot         |       |       |       |       |       |    13 ||    13
         Animate Armour    |       |       |       |       |       |     6 ||     6
  Evoke: Wand              |       |       |     6 |    11 |    10 |     2 ||    29
    Use: Scroll            |     2 |     7 |     4 |     7 |    13 |     3 ||    36
         Potion            |       |       |     1 |     3 |    11 |     8 ||    23
   Stab: Sleeping          |       |     1 |       |       |       |       ||     1
         Invisible         |       |       |     1 |       |       |       ||     1
 Armour: Robe              |    18 |    11 |    52 |   100 |   102 |    28 ||   311
         Leather armour    |       |     2 |       |       |       |       ||     2
         Acid dragon scale |       |       |       |       |       |    56 ||    56
  Dodge: Dodged            |    68 |    84 |   148 |   291 |   364 |   160 ||  1115
  Block: Buckler           |       |       |       |    30 |   175 |    60 ||   265
         Other             |       |       |       |       |       |    77 ||    77
         Reflection        |       |       |       |       |       |    20 ||    20
